 Dungeon Crawl Stone Soup version 0.30-a0-360-g447f08457e (webtiles) character file.

Game seed: 17156987856858457662

36 arthad the Sneak (level 3, -4/25 HPs)
             Began as a Gnoll Wanderer on Nov 13, 2022.
             Slain by a worm (10 damage)
             ... on level 2 of the Dungeon.
             The game lasted 00:02:15 (1047 turns).

arthad the Sneak (Gnoll Wanderer)                   Turns: 1047, Time: 00:02:16

Health: -4/25      AC:  5    Str:  8    XL:     3   Next: 37%
Magic:  6/7        EV: 12    Int: 18    God:
Gold:   25         SH:  0    Dex:  9    Spells: 5/7 levels left

rFire   . . .      SeeInvis .    a - +0 dagger
rCold   . . .      Faith    .    (no shield)
rNeg    . . .      Spirit   .    c - +0 robe
rPois   .          Reflect  .    (no helmet)
rElec   .          Harm     .    h - +0 cloak
rCorr   .          Rampage  .    f - +0 pair of gloves
Will    .....                    d - +0 pair of boots
Stlth   +++.......               (no amulet)
HPRegen 0.24/turn                (no ring)
MPRegen 0.10/turn                (no ring)

@: no status effects
A: fangs 1, strong nose, distributed training
a: no special abilities


You were on level 2 of the Dungeon.
You visited 1 branch of the dungeon, and saw 2 of its levels.

You collected 25 gold pieces.

Inventory:

Hand Weapons
 a - a +0 dagger (weapon)
 j - a +1 spear of distortion
Armour
 c - a +0 robe (worn)
 d - a +0 pair of boots (worn)
 f - a +0 pair of gloves (worn)
 h - a +0 cloak (worn)
Scrolls
 g - 4 scrolls of immolation {unknown}
 i - 4 scrolls of identify {unknown}
 l - 3 scrolls of magic mapping {unknown}
Potions
 b - 2 potions of heal wounds
 k - a potion of haste {unknown}


   Skills:
 + Level 0.8 Fighting
 + Level 0.8 Short Blades
 + Level 0.8 Long Blades
 + Level 0.8 Axes
 + Level 0.8 Maces & Flails
 + Level 0.8 Polearms
 + Level 0.8 Staves
 + Level 0.8 Ranged Weapons
 + Level 0.8 Throwing
 + Level 0.8 Armour
 + Level 2.6 Dodging
 + Level 7.8 Stealth
 + Level 0.8 Shields
 + Level 0.8 Unarmed Combat
 + Level 2.8 Spellcasting
 + Level 0.5 Conjurations
 + Level 5.4 Hexes
 + Level 2.1 Summonings
 + Level 0.5 Necromancy
 + Level 0.5 Translocations
 + Level 0.5 Transmutations
 + Level 0.5 Fire Magic
 + Level 0.5 Ice Magic
 + Level 0.5 Air Magic
 + Level 0.5 Earth Magic
 + Level 0.5 Poison Magic
 + Level 1.0 Invocations
 + Level 0.8 Evocations


You had 5 spell levels left.
You knew the following spells:

 Your Spells              Type           Power      Damage    Failure   Level
a - Slow                  Hex            88%        N/A       1%          1
b - Summon Small Mammal   Summ           40%        N/A       7%          1

Your spell library contained the following spells:

 Spells                   Type           Power      Damage    Failure   Level
 Summon Guardian Golem    Hex/Summ       16%        N/A       11%         3
 Dazzling Flash           Conj/Hex       26%        N/A       14%         3
 Portal Projectile        Hex/Tloc       26%        N/A       14%         3


Dungeon Overview and Level Annotations

Branches:
Dungeon (2/15)

Altars:


Innate Abilities, Weirdness & Mutations

You have very sharp teeth.
Your uncanny sense of smell can sniff out nearby items.
Your experience applies equally to all skills.


Message History

Your rat barely misses the goblin.
The goblin barely misses you. The giant cockroach misses you.
The worm closely misses you.
Unknown command.
Throw: 3 darts (poison)
Press: ? - help, Q - select action, (/) - cycle Shift-Dir - straight line, f/p - worm
Aim: a worm (74% to hit)
You throw a poisoned dart. The poisoned dart hits the worm.
The worm is poisoned.
Your rat closely misses the goblin.
The giant cockroach bites you but does no damage.
The goblin barely misses you.
Unknown command.
Throw: 2 darts (poison)
Press: ? - help, Q - select action, (/) - cycle Shift-Dir - straight line, f/p - worm
Aim: a worm (poisoned, 74% to hit)
You throw a poisoned dart. The poisoned dart hits the worm.
Your rat closely misses the goblin.
The giant cockroach barely misses you. The goblin hits you but does no damage.
The worm bites you but does no damage.
Unknown command.
Unknown command.
Throw: dart (poison)
Press: ? - help, Q - select action, (/) - cycle Shift-Dir - straight line, f/p - worm
Aim: a worm (poisoned, 74% to hit)
You throw a poisoned dart. The poisoned dart hits the worm.
The worm looks even sicker.
The giant cockroach misses you.
Your rat bites the goblin.
The goblin hits you with a +0 dagger.
Unknown command.
You barely miss the worm.
The worm is lightly wounded.
The giant cockroach bites you.
* * * LOW HITPOINT WARNING * * *
Your rat bites the goblin.
The goblin dies!
The worm barely misses you.
You hit the worm.
The worm is moderately wounded.
The giant cockroach bites you but does no damage.
The worm bites you!
You die...

... #... #$.. #...
.r... #... ##.....
#... ......#
####...#####.....#
.................#
......B.†..<.....#
......w@.....#...#
####..r#####.# .#
#... .# #... .#
#... .# .... ..
##..? ## ####


You could see a worm (very poisoned, ally target), a giant cockroach and a
friendly rat (summoned).

Vanquished Creatures
  A dart slug (D:1)
  3 ball pythons (D:1)
  A bat (D:1)
  4 endoplasms (D:1)
  A giant cockroach (D:1)
  3 goblins (D:1)
  4 hobgoblins (D:1)
  A quokka (D:1)
  3 frilled lizards (D:1)
  9 rats
30 creatures vanquished.

Vanquished Creatures (collateral kills)
  A goblin (D:2)
1 creature vanquished.

Grand Total: 31 creatures vanquished

Notes
Turn   | Place    | Note
-------+----------+-------------------------------------------
     0 | D:1      | arthad the Gnoll Wanderer began the quest for the Orb.
     0 | D:1      | arthad set off with the following items: a +0 dagger, a
                  | potion of heal wounds, a +0 robe, a +0 pair of boots; and
                  | the following spells available to memorise: Slow, Summon
                  | Small Mammal, Summon Guardian Golem, Dazzling Flash, Portal
                  | Projectile.
     0 | D:1      | Reached XP level 1. HP: 13/13 MP: 4/4
     2 | D:1      | Learned a level 1 spell: Slow
     4 | D:1      | Learned a level 1 spell: Summon Small Mammal
   120 | D:1      | Reached XP level 2. HP: 16/19 MP: 5/5
   200 | D:1      | HP: 1/20 [hobgoblin (2)]
   634 | D:1      | Reached XP level 3. HP: 20/25 MP: 7/7
   699 | D:1      | Found a faded altar of an unknown god.
   989 | D:1      | Reached skill level 1 in Invocations
  1047 | D:2      | Slain by a worm

Illustrated notes

Levels and vault maps discovered:
D:1:      lemuel_arrival_behind_the_door_large, layout_loops_ring,
          basic_ecumenical_altar, minivault_26
D:2:      cheibrodos_pilgrimage, layout_loops_cross, basic_altar

Skill      XL: |  1  2  3 |
---------------+----------+-----
Summonings     | 2 |  2.1
Invocations    | 1 |  1.0
Fighting       | |  0.8
Short Blades   | |  0.8
Long Blades    | |  0.8
Axes           | |  0.8
Maces & Flails | |  0.8
Polearms       | |  0.8
Staves         | |  0.8
Ranged Weapons | |  0.8
Throwing       | |  0.8
Armour         | |  0.8
Dodging        | |  2.6
Stealth        | |  7.8
Shields        | |  0.8
Unarmed Combat | |  0.8
Spellcasting   | |  2.8
Conjurations   | |  0.5
Hexes          | |  5.4
Necromancy     | |  0.5
Translocations | |  0.5
Transmutations | |  0.5
Fire Magic     | |  0.5
Ice Magic      | |  0.5
Air Magic      | |  0.5
Earth Magic    | |  0.5
Poison Magic   | |  0.5
Evocations     | |  0.8

Action                   || total
-------------------------++-------
Melee: Dagger            ||   127
       Bite              ||    14
       Punch             ||     1
Throw: Dart              ||     5
 Cast: Summon Small Mamm ||     2
       Slow              ||     1
 Stab: Sleeping          ||    11
Armor: Robe              ||    24
Dodge: Dodged            ||    85

Table legend: (Time is in decaauts)
 A = Elapsed time spent in this place.
 B = Non-inter-level travel time spent in this place.
 C = Inter-level travel time spent in this place.
 D = Time resting spent in this place.
 E = Time spent auto-exploring this place.
 F = Levels seen in this place.
 G = Mean time per level.
                   A        B        C        D        E       F      G
               +--------+--------+--------+--------+--------+-----+--------+
         Total |   1044 |   1032 |     12 |     77 |    661 |   2 |  522.0 |
       Dungeon |   1044 |   1032 |     12 |     77 |    661 |   2 |  522.0 |
               +--------+--------+--------+--------+--------+-----+--------+

Top non-repeatable levels by time:
     D:1: 1026 daAuts
     D:2: 18 daAuts
